 Dungeon Crawl Stone Soup version 0.30-a0-913-g9934a0ce24 (webtiles) character file.

Game seed: 3671207232116635883

3642 Rocko1345 the Carver (level 10, -4/64 (79) HPs)
             Began as a Human Fighter on Mar 19, 2023.
             Was an Elder of Okawaru.
             Slain by a wight
             ... wielding a +4 war axe
              (11 damage)
             ... on level 7 of the Dungeon.
             The game lasted 00:25:33 (8903 turns).

Rocko1345 the Carver (Human Fighter)                Turns: 8903, Time: 00:25:33

HP:   -4/64 (79)    AC: 15    Str: 16    XL:     10   Next: 33%
MP:   8/10          EV:  9    Int:  9    God:    Okawaru [****..]
Gold: 1243          SH:  7    Dex: 17    Spells: 9/9 levels left

rFire   . . .      SeeInvis .    e - +3 scimitar (flame)
rCold   . . .      Faith    .    c - +0 buckler
rNeg    . . .      Spirit   .    E - +0 chain mail
rPois   .          Reflect  .    (no helmet)
rElec   .          Rampage  .    L - +2 cloak
rCorr   .                        (no gloves)
Will    +....                    (no boots) Stlth
                                 (no amulet)
HPRegen 0.30/turn                p - ring of flight
MPRegen 0.12/turn                q - ring of willpower

@: heroic, flying, studying Air Magic, heavily drained
A: no striking features
a: Renounce Religion, Heroism, Finesse


You were on level 7 of the Dungeon.
You worshipped Okawaru.
Okawaru was greatly pleased with you.
You visited 1 branch of the dungeon, and saw 8 of its levels.
You also visited: Ossuary.

You collected 1397 gold pieces.
You spent 154 gold pieces at shops.

Inventory:

Hand Weapons
 a - a +0 long sword
 e - a +3 scimitar of flaming (weapon)
 v - a +2 short sword of venom
 J - a +4 long sword
 M - a +3 great sword of freezing
 O - a +4 long sword
 P - a +2 war axe
Missiles
 l - 3 atropa-tipped darts
 r - 19 poisoned darts
 t - 3 javelins (quivered)
Armour
 c - a +0 buckler (worn)
 g - a scarf of repulsion
 E - a +0 chain mail (worn)
 L - a +2 cloak (worn)
Jewellery
 j - a ring of wizardry
 p - a ring of flight (left hand)
 q - a ring of willpower (right hand)
 I - an amulet of faith
 K - a ring of magical power
Wands
 b - a wand of paralysis (11)
 u - a wand of flame (41)
 y - a wand of digging (6)
 N - a wand of roots (9)
Scrolls
 f - 2 scrolls of teleportation
 m - a scroll of fear
 n - a scroll of immolation {unknown}
 x - a scroll of amnesia
 F - 2 scrolls of blinking {unknown}
 H - a scroll of brand weapon {unknown}
 Q - a scroll of enchant armour {unknown}
Potions
 d - 2 potions of might
 h - 2 potions of brilliance
 i - 2 potions of curing
 k - 2 potions of berserk rage
 o - 2 potions of attraction
 s - 2 potions of heal wounds {unknown}
 w - 3 potions of magic
 z - a potion of ambrosia {unknown}
 A - 3 potions of haste
 B - a potion of degeneration {unknown}
 C - 3 potions of flight
 D - 2 potions of cancellation {unknown}
 G - a potion of invisibility {unknown}


   Skills:
 - Level 7.0(12.0) Fighting
 * Level 8.3(13.3) Long Blades
 + Level 5.1(10.1) Throwing
 + Level 6.5(11.5) Armour
 + Level 6.6(11.6) Shields


You had 9 spell levels left.
You didn't know any spells.
Your spell library contained the following spells:

 Spells                   Type           Power      Damage    Failure   Level
 Magic Dart               Conj           0%         1d3       99%         1
 Shock                    Conj/Air       0%         1d3       99%         1
 Sting                    Tmut/Pois      0%         1d3       99%         1
 Blink                    Tloc           0%         N/A       100%        2
 Poisonous Vapours        Pois/Air       0%         N/A       100%        2
 Mephitic Cloud           Conj/Pois/Air  0%         N/A       100%        3
 Ozocubu's Armour         Ice            0%         N/A       100%        3
 Swiftness                Air            0%         N/A       100%        3
 Airstrike                Air            0%         2d(0-16)  100%        4
 Manifold Assault         Tloc           0%         N/A       100%        4
 Olgreb's Toxic Radiance  Pois           0%         N/A       100%        4
 Blade Hands              Tmut           0%         N/A       100%        5
 Irradiate                Conj/Tmut      0%         3d11      100%        5
 Dragon Form              Tmut           0%         N/A       100%        7
 Ozocubu's Refrigeration  Ice            0%         4d7       100%        7
 Storm Form               Tmut/Air       0%         N/A       100%        7
 Ignition                 Fire           0%         3d3       100%        8
 Call Imp                 Summ           Unusable   N/A       N/A         2

Dungeon Overview and Level Annotations

Branches:
Dungeon (8/15)             Temple (0/1) D:5         Ossuary (visited)
   Lair: D:8-11

Altars:
Cheibriados
Dithmenos
Elyvilon
Hepliaklqana
Kikubaaqudgha
Makhleb
Okawaru
Ru
Sif Muna
Trog
Uskayaw
The Shining One

Shops:
D:2 *   D:3 (


Message History

Unknown command.
You slice the orc priest!! You burn the orc priest.
You kill the orc priest!
Okawaru accepts your kill. The wight hits you but does no damage.
The wight barely misses you. The wight hits you with a +2 falchion.
You feel drained. The wight barely misses you. The orc closely misses you.
The wight hits you with a +4 war axe!
* * * LOW HITPOINT WARNING * * *
The wight hits you from afar with a +0 halberd.
* * * LOW HITPOINT WARNING * * *
You block the wight's attack. The orc hits you but does no damage.
The wight hits you but does no damage.
You fly upwards.
There is a stone staircase leading down, spattered with blood here.
You feel better.
You block the wight's attack. x2; The orc closely misses you.
You feel better. You block the wight's attack.
The wight hits you with a +2 falchion.
* * * LOW HITPOINT WARNING * * *
You feel drained. You block the orc's attack.
You feel better. The wight hits you with a +4 war axe.
The wight barely misses you. The orc hits you but does no damage.
Okay, then.
You gain the combat prowess of a mighty hero.
The wight barely misses you. You block the wight's attack.
The orc hits you but does no damage.
You slash the wight! You burn the wight.
The wight is almost destroyed.
The wight hits you but does no damage. The wight closely misses you.
The orc barely misses you.
You slash the wight! You burn the wight.
You destroy the wight!
Okawaru accepts your kill.
You closely miss the orc. The wight hits you with a +4 war axe!
* * * LOW HITPOINT WARNING * * *
You feel drained.
* * * LOW HITPOINT WARNING * * *
The orc barely misses you.
You hit the wight but do no damage. The wight hits you with a +4 war axe!
You die...

#### ###))#
######..o@#
####..P...##z##
###.........##..##
###...###...P.###..#
....### #.P..## ##.#
# ##### ###### #.##
####### #..# #......
##.#######...P..
######
#..#........P.#


You could see a wight and an orc.

Vanquished Creatures
  A troll (D:5)
  2 water moccasins
  An orc warrior (D:6)
  A hornet zombie (D:7)
  A black bear (D:4)
  A sky beast (D:6)
  2 ogres
  A kobold brigand (D:7)
  2 elf zombies (Ossuary)
  A bullfrog (D:6)
  2 gnoll sergeants (D:7)
  A water moccasin zombie (D:7)
  2 wyvern zombies (D:7)
  5 scorpions
  11 wights (D:7)
  2 bullfrog zombies (D:7)
  A jelly (D:6)
  3 centaur zombies
  3 gnoll boudas
  A hound (D:6)
  4 orc priests
  Ijyb (D:4)
  Natasha (thrice) (D:2)
  4 iguanas (D:6)
  An orc wizard (D:6)
  A killer bee zombie (D:7)
  2 mummies (Ossuary)
  2 howler monkey zombies (D:7)
  5 adders
  32 gnolls
  2 white imps
  3 ufetubi
  2 adder zombies (Ossuary)
  A worm (D:4)
  2 dart slugs (D:1)
  20 orcs
  9 bats
  7 endoplasms
  2 giant cockroaches (D:4)
  4 hobgoblins
  11 jackals
  3 quokkas (D:1)
  4 ball pythons
  2 frilled lizards (D:3)
  7 goblins
  2 goblin zombies (Ossuary)
  9 hobgoblin zombies (Ossuary)
  A jackal zombie (Ossuary)
  10 kobolds
  11 kobold zombies (Ossuary)
  8 orc zombies (Ossuary)
  6 rats
  A rat zombie (Ossuary)
226 creatures vanquished.

Vanquished Creatures (others)
  7 withered plants (D:7)
7 creatures vanquished.

Grand Total: 233 creatures vanquished

Notes
Turn   | Place    | Note
-------+----------+-------------------------------------------
     0 | D:1      | Rocko1345 the Human Fighter began the quest for the Orb.
     0 | D:1      | Reached XP level 1. HP: 18/18 MP: 1/1
   163 | D:1      | Reached XP level 2. HP: 24/24 MP: 2/2
   507 | D:1      | Reached XP level 3. HP: 29/29 MP: 3/3
   992 | D:1      | Identified a scroll of acquirement
  1192 | D:2      | Reached XP level 4. HP: 18/35 MP: 4/4
  1372 | D:2      | Found a sacrificial altar of Ru.
  1682 | D:2      | Noticed Natasha
  1693 | D:2      | Killed Natasha
  1694 | D:2      | Reached skill level 3 in Long Blades
  1694 | D:2      | Reached XP level 5. HP: 40/42 MP: 5/5
  1708 | D:2      | Noticed Natasha
  1717 | D:2      | Killed Natasha
  1910 | D:2      | Noticed Natasha
  1919 | D:2      | Killed Natasha
  2030 | D:2      | Found Bacruliq's Assorted Antiques.
  2131 | D:3      | Found a bloodstained altar of Trog.
  2379 | D:3      | Found a white marble altar of Elyvilon.
  2444 | D:3      | Found Joat's Antique Weapon Boutique.
  2481 | D:3      | Acquired 1071 gold pieces
  2555 | D:2      | Bought a glowing scimitar for 154 gold pieces
  2928 | D:3      | Found a hazy altar of Hepliaklqana.
  3059 | D:3      | Reached XP level 6. HP: 48/48 MP: 6/6
  3117 | D:3      | Noticed an ogre
  3124 | D:3      | Killed an ogre
  3125 | D:3      | Reached skill level 1 in Throwing
  3145 | D:3      | Found a shadowy altar of Dithmenos.
  3145 | D:3      | Found an iron altar of Okawaru.
  3149 | D:3      | Became a worshipper of Warmaster Okawaru
  3189 | D:3      | Found a burning altar of Makhleb.
  3189 | D:3      | Noticed a balrug
  3193 | D:3      | Noticed a smoke demon
  3193 | D:3      | Noticed a smoke demon
  3368 | D:4      | Reached skill level 4 in Long Blades
  3512 | D:4      | Noticed an ogre
  3518 | D:4      | Killed an ogre
  3519 | D:4      | Reached XP level 7. HP: 19/54 MP: 7/7
  3653 | D:4      | Found a sacrificial altar of Ru.
  3657 | D:4      | Noticed Ijyb
  3668 | D:4      | Killed Ijyb
  3702 | D:4      | Found a sand-covered staircase.
  3709 | Ossuary  | Entered an ossuary
  3892 | Ossuary  | Reached * piety under Okawaru
  4214 | D:4      | Reached skill level 5 in Long Blades
  4214 | D:4      | Reached XP level 8. HP: 40/61 MP: 8/8
  4556 | D:4      | Found an ancient bone altar of Kikubaaqudgha.
  5220 | D:5      | Entered Level 5 of the Dungeon
  5243 | D:5      | Found a shimmering blue altar of Sif Muna.
  5298 | D:5      | Found a hide-covered altar of Uskayaw.
  5371 | D:5      | Noticed a troll
  5381 | D:5      | Killed a troll
  5381 | D:5      | Reached ** piety under Okawaru
  5382 | D:5      | Reached skill level 5 in Fighting
  5382 | D:5      | Reached skill level 5 in Armour
  5382 | D:5      | Reached skill level 5 in Shields
  5529 | D:5      | Found a staircase to the Ecumenical Temple.
  5691 | D:5      | Found a snail-covered altar of Cheibriados.
  5773 | D:5      | Reached skill level 6 in Long Blades
  6114 | D:6      | Reached XP level 9. HP: 63/68 MP: 9/9
  6673 | D:6      | Found a glowing golden altar of the Shining One.
  6797 | D:6      | Reached skill level 7 in Long Blades
  7008 | D:7      | Reached *** piety under Okawaru
  7376 | D:7      | Reached XP level 10. HP: 58/77 MP: 10/10
  7626 | D:7      | Reached skill level 8 in Long Blades
  7815 | D:7      | Reached **** piety under Okawaru
  7871 | D:7      | Reached skill level 5 in Throwing
  8894 | D:8      | HP: 3/66 [wight/+0 halberd (5)]
  8903 | D:7      | Slain by a wight

Illustrated notes

Levels and vault maps discovered:
D:1:      minmay_arrival_diagonal_passages, layout_loops_corners
D:2:      layout_loops_ring, basic_altar, serial_shops,
          nicolae_shop_hallway_plus, uniq_natasha
D:3:      layout_basic, bloody_trog, elyvilon_altar_1,
          nzn_hepliaklqana_mist_gate, gammafunk_temple_overflow_elements,
          makhleb_altar_promises_db, serial_shops, shop_fountains
D:4:      layout_cave_pods, mainiacjoe_overflow_catwalk_spiral, enter_ossuary_1,
          uniq_ijyb
D:5:      layout_rooms, mainiacjoe_overflow_cross_hatched, cheibriados_altar_1,
          kennysheep_little_box, minmay_temple_entry_wispy
D:6:      layout_cave_pools, mainiacjoe_overflow_alcove_4
D:7:      layout_rooms, serial_undead, serial_undead_f, serial_undead_b,
          serial_undead_f, serial_undead_b, serial_undead_d, serial_undead_e,
          serial_undead_a, serial_undead_b
D:8:      layout_rooms, ashenzari_altar_1, nemelex_xobeh_ov_fountains_minmay

Skill      XL: |  1  2  3  4  5  6  7  8  9 10 |
---------------+-------------------------------+-----
Long Blades    | 3 4 5 6 7 8 |  8.3
Fighting       | 4 5 6 7 |  7.0
Throwing       | 1 2 3 4 5 |  5.1
Armour         | 4 5 6 |  6.5
Shields        | 4 5 6 |  6.6

Action                     |  1- 3 |  4- 6 |  7- 9 | 10-12 || total
---------------------------+-------+-------+-------+-------++-------
  Melee: Long sword        |    99 |    72 |       |       ||   171
         Scimitar          |       |    59 |   353 |   113 ||   525
  Throw: Stone             |     5 |       |       |       ||     5
         Javelin           |       |    14 |     8 |     6 ||    28
         Dart              |       |     3 |     1 |     2 ||     6
 Invoke: Heroism           |       |       |       |     1 ||     1
  Evoke: Wand              |       |       |     1 |       ||     1
    Use: Scroll            |     2 |     1 |     9 |     2 ||    14
         Potion            |       |       |     4 |     3 ||     7
   Stab: Paralysed         |       |       |     2 |       ||     2
 Armour: Scale mail        |    45 |    57 |    68 |       ||   170
         Chain mail        |       |       |   118 |    61 ||   179
  Dodge: Dodged            |    48 |    65 |   114 |    48 ||   275
         Repelled          |     3 |       |     1 |       ||     4
  Block: Buckler           |    28 |    37 |    90 |    57 ||   212

Table legend: (Time is in decaauts)
 A = Elapsed time spent in this place.
 B = Non-inter-level travel time spent in this place.
 C = Inter-level travel time spent in this place.
 D = Time resting spent in this place.
 E = Time spent auto-exploring this place.
 F = Levels seen in this place.
 G = Mean time per level.
                   A        B        C        D        E       F      G
               +--------+--------+--------+--------+--------+-----+--------+
         Total |   9047 |   8539 |    508 |   2241 |   4175 |   9 | 1005.2 |
       Dungeon |   8576 |   8068 |    508 |   2092 |   4127 |   8 | 1072.0 |
       Ossuary |    471 |    471 |      0 |    149 |     48 |   1 |  471.0 |
               +--------+--------+--------+--------+--------+-----+--------+

Top non-repeatable levels by time:
     D:7: 1746 daAuts
     D:3: 1410 daAuts
     D:4: 1278 daAuts
     D:6: 1241 daAuts
     D:1: 1141 daAuts
     D:2: 1028 daAuts
     D:5: 706 daAuts
 Ossuary: 471 daAuts
     D:8: 23 daAuts
